 Dungeon Crawl Stone Soup version 0.28-a0-474-g535839065c (webtiles) character file.

Game seed: 15072728839242033753

49 robertstho the Magician (level 4, -1/48 HPs)
             Began as a Djinni Fire Elementalist on Sept 15, 2021.
             Slain by an adder (4 damage)
             ... on level 2 of the Dungeon.
             The game lasted 00:02:03 (1871 turns).

robertstho the Magician (Djinni Fire Elementalist)  Turns: 1871, Time: 00:02:04

Health: -1/48      AC: 22    Str:  7    XL:     4   Next: 2%
Gold:   13         EV:  2    Int: 18    God:
                   SH:  0    Dex: 13

rFire   . . .      SeeInvis .   e - +0 dagger
rCold   . . .      Faith    .   (no shield)
rNeg    + + +      Spirit   .   (armour currently unavailable)
rPois   ∞          Reflect  .   (helmet currently unavailable)
rElec   .          Harm     .   (cloak currently unavailable)
rCorr   .          Rampage  .   (gloves currently unavailable)
Will    .....      NoTele   +   (boots unavailable)
Stlth   ++........              (no amulet)
HPRegen 0.16/turn               (no ring)
MPRegen 0.00/turn               (no ring)

@: tree-form, very slightly contaminated
A: stationary, stasis, torment immunity, boosted hp, sickness immunity, (fire
resistance 2), (cold vulnerability 1), float, innate caster, hp casting, extra
vitality 1
a: no special abilities


You were on level 2 of the Dungeon.
You were a tree.
You visited 1 branch of the dungeon, and saw 2 of its levels.

You collected 13 gold pieces.

Inventory:

Hand Weapons
 e - a +0 dagger (weapon)
Missiles
 k - 61 stones
Armour
 a - a +0 robe (melded)
Scrolls
 c - a scroll of blinking {unknown}
 d - a scroll of noise {unknown}
 g - a scroll of magic mapping {unknown}
 h - a scroll of brand weapon {unknown}
 i - a scroll of teleportation {unknown}
 j - a scroll of identify {unknown}


   Skills:
 * Level 1.1 Fighting
 + Level 2.2 Dodging
 + Level 1.7 Stealth
 * Level 3.3 Spellcasting


You couldn't memorise any spells.
You knew the following spells:

 Your Spells              Type           Power      Damage    Failure   Level
a - Foxfire               Conj/Fire      60%        2x1d7     4%          1
b - Scorch                Fire           30%        2d6       6%          2
c - Conjure Flame         Conj/Fire      15%        6-21      12%         3
d - Inner Flame           Hex/Fire       15%        N/A       12%         3
e - Flame Wave            Conj/Fire      15%        3d5       36%         4
f - Sandblast             Erth           30%        2d9       4%          1
Your spell library was empty.

Dungeon Overview and Level Annotations

Branches:
Dungeon (2/15)

Altars:


Innate Abilities, Weirdness & Mutations

You are a tree.
Your roots penetrate the ground, keeping you stationary.
You cannot be teleported.
You are immune to unholy pain and torment.
Your maximum health is greatly increased.
Your equipment is partially melded.
You are immune to sickness and miasma.
You are immune to poison.
((Your flesh is very heat resistant. (rF++)))
((You are vulnerable to cold. (rC-)))
You float through the air rather than walking.
You learn spells naturally, not from books.
Your magical power is your life essence.
You have superior vitality. (+4 HP)


Message History

An endoplasm comes into view.
Casting: Scorch (safe; 7% risk of failure)
Confirm with . or Enter, or press ? or * to list all spells.
Flames lash the hobgoblin.
The hobgoblin is almost dead.
The hobgoblin's fire resistance burns away.
The adder bites you. The hobgoblin closely misses you.
Unknown command.
The adder bites you. x2
Casting: Scorch (safe; 7% risk of failure)
Confirm with . or Enter, or press ? or * to list all spells.
Flames lash the quokka.
You kill the quokka!
Casting: Scorch (safe; 6% risk of failure)
Confirm with . or Enter, or press ? or * to list all spells.
Flames lash the hobgoblin.
The hobgoblin is burned terribly!
You kill the hobgoblin!
The adder closely misses you.
You have reached level 4!
You feel clever.
Casting: Scorch (safe; 6% risk of failure)
Confirm with . or Enter, or press ? or * to list all spells.
You miscast Scorch.
You are very lightly contaminated with residual magic.
Nothing appears to happen.
The adder misses you. The adder bites you.
Casting: Scorch (safe; 6% risk of failure)
Confirm with . or Enter, or press ? or * to list all spells.
Flames lash the ball python.
You kill the ball python!
The adder bites you.
* * * LOW HITPOINT WARNING * * *
It was a potion of magic.
Magic washes over you without effect. The adder bites you.
* * * LOW HITPOINT WARNING * * *
It was a potion of lignification.
You turn into a tree.
Your +0 robe melds into your body.
Your roots penetrate the ground.
The adder bites you.
* * * LOW HITPOINT WARNING * * *
The adder bites you.
You die...

......#......# #....
......#.##...# #.###.##
......#.#..#..# #.###..##
.....#..#.###....
..#...... #......##.#
#####.........
........#.### #........
##..>.......#####
#......$.
....#...#.....###......[.
#........#####.♣SbJ.......
....##..# #####l.......
.... #..# ##....... ...
#... ......[ .. ....
†.l.... ..## .......
....... ..?.... (......


You could see an adder, an endoplasm, a bat and a frilled lizard.

Vanquished Creatures
  An adder (D:2)
  A dart slug (D:2)
  4 endoplasms
  2 giant cockroaches
  4 goblins
  3 hobgoblins
  3 quokkas
  3 ball pythons
  4 bats
  A frilled lizard (D:1)
  4 kobolds
  6 rats
36 creatures vanquished.

Vanquished Creatures (others)
  79 foxfires
79 creatures vanquished.

Grand Total: 115 creatures vanquished

Notes
Turn   | Place    | Note
-------+----------+-------------------------------------------
     0 | D:1      | robertstho the Djinni Fire Elementalist began the quest for
                  | the Orb.
     0 | D:1      | Reached XP level 1. HP: 15/15 MP: 0/0
   490 | D:1      | Found a faded altar of an unknown god.
   544 | D:1      | Reached XP level 2. HP: 18/21 MP: 0/0
  1042 | D:2      | Reached skill level 3 in Spellcasting
  1044 | D:2      | Reached XP level 3. HP: 22/26 MP: 0/0
  1044 | D:2      | Learned a level 1 spell: Sandblast
  1361 | D:2      | Reached skill level 1 in Fighting
  1867 | D:2      | Reached XP level 4. HP: 17/32 MP: 0/0
  1871 | D:2      | Slain by an adder

Illustrated notes

Levels and vault maps discovered:
D:1:      co_arrival_square_in_a_square_in_a_square, layout_rooms,
          ebering_ecumenical_altar_abandoned, ebering_dispersal_statue_hall
D:2:      layout_rooms

Skill      XL: |  1  2  3 |
---------------+----------+-----
Spellcasting   | 3 |  3.3
Fighting       | 1 |  1.1
Dodging        | |  2.2
Stealth        | |  1.7

Action                   |  1- 3 |  4- 6 || total
-------------------------+-------+-------++-------
Melee: Unarmed           |     2 |       ||     2
       Dagger            |    18 |       ||    18
 Cast: Foxfire           |    47 |       ||    47
       Scorch            |    17 |     1 ||    18
  Use: Potion            |       |     2 ||     2
Armor: Robe              |     8 |       ||     8
Dodge: Dodged            |    32 |     1 ||    33

Table legend: (Time is in decaauts)
 A = Elapsed time spent in this place.
 B = Non-inter-level travel time spent in this place.
 C = Inter-level travel time spent in this place.
 D = Time resting spent in this place.
 E = Time spent auto-exploring this place.
 F = Levels seen in this place.
 G = Mean time per level.
                   A        B        C        D        E       F      G
               +--------+--------+--------+--------+--------+-----+--------+
         Total |   1871 |   1819 |     52 |    137 |   1468 |   2 |  935.5 |
       Dungeon |   1871 |   1819 |     52 |    137 |   1468 |   2 |  935.5 |
               +--------+--------+--------+--------+--------+-----+--------+

Top non-repeatable levels by time:
     D:1: 1120 daAuts
     D:2: 751 daAuts
